AoeStats
← Luid2026

Arabia

510392691Analyzed
1v1 RM · 9h ago on Sep 30, 2026· 67m 2s· 2 players
Game mode
Random Map
Map size
Tiny (2 player)
Population
200
Speed
Normal
Resources
Standard
Victory
Conquest
Starting age
Dark Age
Ending age
Imperial Age
RankedLock teamsTeams togetherTeam positionsShared explorationLock speedFull tech treeHidden civsTurbo modeCheats
Victory
Defeat
🇨🇱 Khmer · Chile
611
+18
🇪🇨 Ethiopians · Ecuador
644
-18
PoncHo
10:47 Feudal Age
12:03 Horse Collar
12:11 Double-Bit Axe
27:01 Forging
29:53 Scale Barding Armor
33:33 Fletching
42:55 Castle Age
46:30 Elite Skirmisher
50:00 Chain Barding Armor
56:07 Iron Casting
55:47 Bodkin Arrow
61:43 Caravan
64:12 Padded Archer Armor
66:18 Leather Archer Armor
Luid2026
5:55 Loom
11:28 Feudal Age
12:19 Double-Bit Axe
12:16 Horse Collar
13:28 Gold Mining
25:04 Padded Archer Armor
24:55 Fletching
25:06 Scale Mail Armor
27:30 Forging
29:28 Arson
37:31 Castle Age
38:30 Leather Archer Armor
38:11 Bodkin Arrow
37:40 Elite Skirmisher
41:27 Crossbowman
44:54 Iron Casting
46:37 Man-at-Arms
49:05 Squires
51:26 Long Swordsman
Connection lost

Rejoining the realm…

Still unreachable

The connection could not be restored.

Session expired

The server has moved on; the page needs a fresh start.